 Dungeon Crawl Stone Soup version 0.28.0-53-g5a82cb258f (webtiles) character file.

Game seed: 15448969459879833083

10056 cbfl8 the Cleaver (level 11, -5/151 HPs)
             Began as a Minotaur Berserker on Aug 30, 2022.
             Was an Elder of Trog.
             Killed from afar by an electric eel (7 damage)
             ... with a bolt of electricity
             ... on level 11 of the Dungeon.
             The game lasted 00:16:19 (13131 turns).

cbfl8 the Cleaver (Minotaur Berserker)             Turns: 13131, Time: 00:16:20

Health: -5/151     AC: 19    Str: 22    XL:     11   Next: 31%
Magic:  10/10      EV:  9    Int:  4    God:    Trog [****..]
Gold:   167        SH:  0    Dex: 14    Spells: 10/10 levels left

rFire   + . .      SeeInvis .   u - +0 war axe
rCold   . . .      Faith    .   (no shield)
rNeg    . . .      Spirit   .   F - +0 plate armour {rF+}
rPois   .          Reflect  .   (helmet restricted)
rElec   .          Harm     .   t - +0 cloak {rCorr}
rCorr   +          Rampage  .   (no gloves)
Will    +....                   E - +2 pair of boots
Stlth   ..........              (no amulet)
HPRegen 0.35/turn               w - ring of resist corrosion
MPRegen 0.12/turn               A - ring of willpower

@: berserking (expiring), quick
A: horns 2, retaliatory headbutt
a: Renounce Religion, Berserk, Trog's Hand, Brothers in Arms


You were on level 11 of the Dungeon.
You worshipped Trog.
Trog was greatly pleased with you.
You visited 1 branch of the dungeon, and saw 12 of its levels.
You also visited: Ossuary.

You collected 527 gold pieces.
You spent 360 gold pieces at shops.

Inventory:

Hand Weapons
 u - a +0 war axe (weapon)
Armour
 t - a +0 cloak of preservation (worn)
 E - a +2 pair of boots (worn)
 F - a +0 plate armour of fire resistance (worn)
Jewellery
 w - a ring of resist corrosion (left hand)
 A - a ring of willpower (right hand)
Wands
 e - a wand of polymorph (22)
 k - a wand of flame (21) (quivered)
 p - a wand of acid (14)
 z - a wand of mindburst (6)
 D - a wand of iceblast (7)
 K - a wand of digging (7)
Scrolls
 b - 4 scrolls of blinking
 c - 3 scrolls of teleportation
 d - a scroll of fear
 i - 2 scrolls of immolation
 l - a scroll of noise
 m - a scroll of brand weapon
 n - 2 scrolls of enchant armour
 y - 2 scrolls of enchant weapon
 C - 2 scrolls of fog {unknown}
 G - a scroll of holy word
 J - a scroll of summoning {unknown}
 L - 2 scrolls of silence {unknown}
Potions
 a - 3 potions of ambrosia {unknown}
 f - a potion of heal wounds
 g - 3 potions of lignification
 h - 8 potions of curing
 j - 7 potions of flight
 o - 2 potions of degeneration {unknown}
 q - 2 potions of brilliance {unknown}
 r - 4 potions of haste
 s - a potion of cancellation {unknown}
 v - 2 potions of invisibility {unknown}
 x - a potion of attraction {unknown}
 H - a potion of magic {unknown}
 I - 2 potions of mutation {unknown}
Miscellaneous
 B - a piece from Xom's chessboard (15/15)


   Skills:
 * Level 10.4 Fighting
 * Level 13.6 Axes
 + Level 9.5 Armour
 * Level 6.8 Dodging
 + Level 0.5 Stealth
 * Level 5.3 Evocations


You had 10 spell levels left.
You didn't know any spells.
Your spell library was empty.

Dungeon Overview and Level Annotations

Branches:
Dungeon (12/15)            Temple (0/1) D:4            Lair (0/6) D:11
Ossuary (visited)
    Orc: D:9-12

Altars:
Cheibriados
Gozag
Kikubaaqudgha
Trog

Shops:
D:2 [

Annotations:
D:8 1 runed translucent door, Jingleheimer's ghost, novice VSFi
D:11 Fannar


Innate Abilities, Weirdness & Mutations

You have a pair of horns on your head.
You reflexively headbutt those who attack you in melee.


Message History

The electric eel shoots out a bolt of lightning at you!
The bolt of electricity hits you.
* * * LOW HITPOINT WARNING * * *
The hound splashes around in the water.
The wolf closely misses you.
You enter the shallow water.
Moving in this stuff is going to be slow.
The hound bites you but does no damage. The wolf barely misses you.
The electric eel shoots out a bolt of lightning at you!
The bolt of electricity misses you.
The bolt of electricity hits you but does no damage.
You see here a hound corpse.
Your unstable footing causes you to fumble your attack.
The hound splashes around in the water.
The wolf bites you.
* * * LOW HITPOINT WARNING * * *
An electric eel comes into view.
The electric eel shoots out a bolt of lightning at you!
The bolt of electricity hits you!
* * * LOW HITPOINT WARNING * * *
The bolt of electricity misses you.
You barely miss the electric eel. You closely miss the hound.
You miss the wolf. The wolf bites you but does no damage.
The hound bites you but does no damage.
You slice the electric eel!!
You kill the electric eel!
Trog accepts your kill.
You hear a splash.
You slash the hound!
You kill the hound!
Trog accepts your kill.
You closely miss the wolf. The wolf bites you but does no damage.
You slice the two-headed ogre!! You headbutt the two-headed ogre!
The two-headed ogre is severely wounded.
You barely miss the wolf. The wolf bites you.
* * * LOW HITPOINT WARNING * * *
You hit the two-headed ogre.
The two-headed ogre is severely wounded.
You barely miss the wolf. The wolf barely misses you.
The electric eel shoots out a bolt of lightning at you!
The bolt of electricity hits you!
You die...

###....≈≈≈≈≈≈.
#....≈≈≈≈≈..>.S
#....≈≈≈≈≈≈....
#....≈≈≈≈≈.≈.≈.
##...#≈≈≈≈≈≈≈≈≈≈
#....#≈..T≈≈≈≈≈≈
#....#.≈.≈≈≈≈≈.≈
#....#.hO†.≈.≈≈.
#....#..@≈....≈.
#....#..........
#....'..........
#....#....#.#...
#.>..######.# ##
#######.......... .
###................
.
...................
..
...................


You could see a two-headed ogre, a troll, a wolf and an electric eel.

Vanquished Creatures
  3 two-headed ogres
  Pikel (D:4)
  A deep elf pyromancer (D:12)
  An unseen horror (D:10)
  2 kobold demonologists
  Maggie (D:7)
  Psyche (D:8)
  A troll (D:12)
  A hornet (D:9)
  A wraith (Ossuary)
  A vampire (D:10)
  A shadow (D:10)
  8 yaks (D:9)
  A steam dragon (D:10)
  3 vampire mosquitoes (D:11)
  An acid dragon (D:9)
  A water moccasin (D:6)
  An orc warrior (D:10)
  2 sky beasts
  3 ogres
  4 centaurs
  A phantom (D:7)
  2 bullfrogs (D:7)
  7 kobold brigands
  A scorpion (D:6)
  A gnoll sergeant (D:8)
  2 electric eels (D:11)
  3 wights (D:8)
  A centaur zombie (D:9)
  2 bullfrog zombies (D:6)
  Crazy Yiuf (D:4)
  8 hounds
  A jelly (D:6)
  3 bullfrog skeletons (D:5)
  An orc priest (D:8)
  Jessica (D:2)
  An iguana (D:2)
  Natasha (thrice) (D:2)
  6 orc wizards
  2 killer bee zombies
  A mummy (Ossuary)
  Robin (D:3)
  A howler monkey zombie (D:7)
  4 gnolls (D:8)
  4 adders
  3 shadow imps
  2 white imps (D:6)
  2 adder skeletons
  A worm (D:5)
  2 dart slugs
  15 orcs
  6 bats
  7 endoplasms
  3 giant cockroaches
  11 goblins
  12 hobgoblins
  7 quokkas
  3 ball pythons
  2 frilled lizards
  9 gnoll skeletons (Ossuary)
  31 kobolds
  4 kobold skeletons (Ossuary)
  12 orc skeletons (Ossuary)
  8 rats
237 creatures vanquished.

Vanquished Creatures (others)
  Erica (D:8)
  A fungus (D:8)
  5 plants (D:8)
7 creatures vanquished.

Grand Total: 244 creatures vanquished

Notes
Turn   | Place    | Note
-------+----------+-------------------------------------------
     0 | D:1      | cbfl8 the Minotaur Berserker began the quest for the Orb.
     0 | D:1      | Reached XP level 1. HP: 19/19 MP: 0/0
     0 | D:1      | Noticed a tengu
     0 | D:1      | Noticed a dwarf
     2 | D:1      | Noticed a demonspawn
     4 | D:1      | Noticed a felid
     6 | D:1      | Noticed a tengu
     8 | D:1      | Noticed a demonspawn
    11 | D:1      | Noticed a vine stalker
    11 | D:1      | Noticed an octopode
    13 | D:1      | Noticed an elf
    13 | D:1      | Noticed a barachi
    15 | D:1      | Noticed a gargoyle
    15 | D:1      | Noticed a minotaur
    17 | D:1      | Noticed a demonspawn
    17 | D:1      | Noticed an ogre
    19 | D:1      | Noticed a merfolk
    19 | D:1      | Noticed an octopode
   229 | D:1      | Reached XP level 2. HP: 24/27 MP: 1/1
   313 | D:1      | Reached skill level 4 in Axes
   878 | D:2      | Noticed Jessica
   881 | D:2      | Noticed Natasha
   882 | D:2      | Killed Jessica
   883 | D:2      | Reached XP level 3. HP: 30/34 MP: 2/2
   886 | D:2      | Killed Natasha
   887 | D:2      | Reached skill level 1 in Evocations
   887 | D:2      | Reached XP level 4. HP: 41/41 MP: 3/3
   987 | D:2      | Found Foenown's Armour Shop.
  1256 | D:2      | Found a faded altar of an unknown god.
  1684 | D:2      | Reached skill level 5 in Axes
  1987 | D:2      | Noticed Natasha
  1993 | D:2      | Killed Natasha
  1994 | D:2      | Reached XP level 5. HP: 47/47 MP: 4/4
  2034 | D:2      | Noticed Natasha
  2037 | D:2      | Killed Natasha
  2309 | D:3      | Noticed Robin
  2325 | D:3      | Killed Robin
  2327 | D:3      | Reached ** piety under Trog
  2328 | D:3      | Reached skill level 5 in Fighting
  3202 | D:4      | Found a staircase to the Ecumenical Temple.
  3247 | D:4      | Reached XP level 6. HP: 56/56 MP: 5/5
  3536 | D:4      | Found an opulent altar of Gozag.
  3562 | D:4      | Reached skill level 6 in Axes
  3632 | D:4      | Found a runed translucent door.
  3633 | D:4      | Noticed Crazy Yiuf
  3785 | D:4      | Noticed Pikel
  3795 | D:4      | Killed Pikel
  3796 | D:4      | Reached skill level 7 in Axes
  3796 | D:4      | Reached XP level 7. HP: 62/62 MP: 6/6
  4274 | D:4      | Killed Crazy Yiuf
  4582 | D:5      | Entered Level 5 of the Dungeon
  4870 | D:5      | Reached skill level 5 in Armour
  5036 | D:5      | Reached skill level 8 in Axes
  5036 | D:5      | Reached XP level 8. HP: 66/70 MP: 7/7
  5196 | D:6      | Found a sand-covered staircase.
  5201 | Ossuary  | Entered an ossuary
  5374 | Ossuary  | Reached *** piety under Trog
  5869 | D:6      | Reached skill level 9 in Axes
  6766 | D:7      | Reached XP level 9. HP: 71/79 MP: 8/8
  6864 | D:7      | Noticed Maggie
  6902 | D:7      | Killed Maggie
  6903 | D:7      | Reached skill level 10 in Axes
  7751 | D:8      | Noticed Erica
  7761 | D:8      | Killed Erica
  7762 | D:8      | Reached skill level 5 in Dodging
  7763 | D:8      | Reached **** piety under Trog
  7765 | D:8      | Reached skill level 11 in Axes
  7787 | D:8      | Noticed Psyche
  8518 | D:8      | Found a runed translucent door.
  8519 | D:8      | Noticed Jingleheimer's ghost (novice VSFi)
  8519 | D:8      | Identified the +7 spear "Bietuonk" {vorpal, Str+4}
  8823 | D:8      | Killed Psyche
  9084 | D:2      | Bought a +0 plate armour of fire resistance for 360 gold
                  | pieces
  9212 | D:9      | Reached XP level 10. HP: 56/90 MP: 9/9
  9430 | D:9      | Found a snail-covered altar of Cheibriados.
 10192 | D:9      | Noticed a two-headed ogre
 10201 | D:9      | Killed a two-headed ogre
 10202 | D:9      | Reached skill level 12 in Axes
 10819 | D:9      | Paralysed by a hornet for 3 turns
 10825 | D:9      | Paralysed by a hornet for 1 turns
 11181 | D:10     | Entered Level 10 of the Dungeon
 11246 | D:10     | Noticed a two-headed ogre
 11253 | D:10     | Killed a two-headed ogre
 11315 | D:10     | Reached skill level 13 in Axes
 11691 | D:10     | Found an ancient bone altar of Kikubaaqudgha.
 11692 | D:10     | Found a bloodstained altar of Trog.
 12509 | D:11     | Noticed a two-headed ogre
 12513 | D:11     | Reached skill level 10 in Fighting
 12513 | D:11     | Reached skill level 5 in Evocations
 12513 | D:11     | Reached XP level 11. HP: 61/99 MP: 10/10
 12522 | D:11     | Noticed Fannar
 12526 | D:11     | Killed a two-headed ogre
 12989 | D:12     | Noticed a deep elf pyromancer
 12996 | D:12     | Killed a deep elf pyromancer
 13109 | D:11     | Found a staircase to the Lair.
 13115 | D:11     | Noticed a two-headed ogre
 13127 | D:11     | HP: 5/151 [electric eel/bolt of electricity (15)]
 13130 | D:11     | HP: 2/151 [wolf (4)]
 13131 | D:11     | Killed from afar by an electric eel

Illustrated notes

Levels and vault maps discovered:
D:1:      shiori_arrival_whats_in_store_for_you, layout_basic
D:2:      layout_basic, serial_shops, nicolae_shop_trees,
          chequers_ecumenical_altar_simple_redux, chequers_serial_rivers_marsh,
          minivault_11, uniq_natasha, uniq_jessica
D:3:      layout_loops_ring, serial_glass, glass_columns_a, glass_columns_a,
          glass_columns_b, glass_columns_a, glass_columns_c, glass_columns_a,
          glass_columns_a, glass_columns_b, glass_columns_a, glass_columns_c,
          glass_columns_b, glass_columns_a, glass_columns_c, glass_columns_c,
          minmay_misc_feat_cross, item_on_display_a, uniq_robin
D:4:      layout_loops_corners, nicolae_gozag_cash_rules_everything_around_me,
          minmay_temple_entry_junction_2, uniq_crazy_yiuf_cottage, uniq_pikel
D:5:      layout_layer_cave
D:6:      layout_rooms, gup_sewer_entry_bubbles, enter_ossuary_2
D:7:      layout_loops_ring, minmay_misc_feat_alley, grunt_decor_junction,
          hellmonk_bongcloud_opening, uniq_maggie
D:8:      layout_cave_pools, ebering_ghost_funeral_grove, uniq_erica,
          uniq_psyche
D:9:      layout_stronghold, mainiacjoe_overflow_alcove_4, dk_vineyard_1
D:10:     layout_roguey, minitemple
D:11:     layout_irregular_city, erik_lair_island,
          minmay_orc_entry_temple_small, serial_shops, kennysheep_mini,
          gauntlet_entry_generic, uniq_urug, uniq_fannar, uniq_grum
D:12:     layout_grid_maze

Skill      XL: |  1  2  3  4  5  6  7  8  9 10 |
---------------+-------------------------------+-----
Fighting       | 4 5 6 7 8 10 | 10.4
Axes           | 4 5 7 8 9 11 13 | 13.6
Evocations     | 1 2 3 4 5 |  5.3
Armour         | 3 4 5 6 7 9 |  9.5
Dodging        | 3 4 5 6 |  6.8
Stealth        | |  0.5

Action                   |  1- 3 |  4- 6 |  7- 9 | 10-12 || total
-------------------------+-------+-------+-------+-------++-------
Melee: Hand axe          |    35 |   128 |   228 |       ||   391
       Headbutt          |     8 |    21 |    67 |    40 ||   136
       Punch             |     1 |     2 |     8 |     3 ||    14
       War axe           |       |       |   106 |   206 ||   312
Invok: Berserk           |     1 |     3 |     8 |     7 ||    19
       Trog's Hand       |       |       |       |     1 ||     1
Evoke: Wand              |       |       |     2 |       ||     2
  Use: Scroll            |       |     4 |    13 |     5 ||    22
       Potion            |       |       |     2 |     5 ||     7
Armor: Animal skin       |     8 |       |       |       ||     8
       Ring mail         |     5 |    15 |       |       ||    20
       Plate armour      |       |    49 |   191 |   184 ||   424
Dodge: Dodged            |    12 |    41 |   138 |    93 ||   284
